AoeStats
← LemurChef278

Hideout

508270140Analyzed
1v1 RM · 11d ago on Sep 21, 2026· 35m 20s· 2 players
Game mode
Random Map
Map size
Tiny (2 player)
Population
200
Speed
Normal
Resources
Standard
Victory
Conquest
Starting age
Dark Age
Ending age
Imperial Age
RankedLock teamsTeams togetherTeam positionsShared explorationLock speedFull tech treeHidden civsTurbo modeCheats
Victory
Defeat
🇩🇪 Armenians · Germany
938
+15
🇺🇸 Dravidians · United States
925
-15
yC%N%9dMZFreaK&8$
4:32 Loom
9:51 Feudal Age
10:19 Town Watch
11:10 Wheelbarrow
10:25 Double-Bit Axe
10:24 Horse Collar
11:59 Man-at-Arms
16:34 Fletching
23:05 Scale Barding Armor
29:33 Castle Age
31:00 Husbandry
35:06 Forging
LemurChef278
5:57 Loom
6:08 Loom
9:45 Feudal Age
12:11 Arson
12:52 Man-at-Arms
13:58 Scale Mail Armor
14:41 Long Swordsman
15:56 Double-Bit Axe
20:30 Padded Archer Armor
20:23 Fletching
28:32 Castle Age
29:11 Two-Handed Swordsman
29:17 Elite Skirmisher
30:54 Squires
30:41 Gambesons
31:21 Bodkin Arrow
Connection lost

Rejoining the realm…

Still unreachable

The connection could not be restored.

Session expired

The server has moved on; the page needs a fresh start.